Map: Darkness Sanctuary LE

Players

Starlord - Winner!

  • Race: Zerg Zerg
  • League: Master
  • Spawn Location: 1:00

nOtoRioUsPiG

  • Race: Terran Terran
  • League: Master
  • Spawn Location: 5:00

VOD

Have the link to the VOD?

Description

Time

  • Played on: May 18, 2018, 1:06 a.m.
  • Length: 16:15
Show
View Real Time Build Order
Export as new Build Order

Starlord Zerg - Winner!

Build Orders: Hatch First 

Get SALT Encoding   

  12  0:01  Drone  
  13  0:14  Overlord  
  13  0:18  Drone  
  14  0:33  Drone x2  
  16  0:36  Drone  
  17  0:55  Drone  
  18  1:05  Hatchery, Drone  
  18  1:23  Drone  
  19  1:26  Spawning Pool, Extractor  
  17  1:36  Drone x2  
  19  1:48  Drone  
  20  1:59  Overlord  
  20  2:12  Hatchery  
  20  2:14  Drone  
  20  2:21  Queen  
  22  2:29  Drone x2  
  24  2:32  Drone  
  24  2:33  Drone  
  24  2:36  Drone  
  27  2:44  Queen  
  29  2:53  Drone x2  
  29  2:54  Metabolic Boost  
  31  3:00  Drone x2  
  33  3:07  Overlord  
  33  3:12  Drone x2  
  35  3:23  Queen  
  35  3:25  Overlord  
  37  3:28  Drone  
  37  3:31  Drone  
  37  3:32  Queen  
  41  3:36  Drone x2  
  41  3:38  Drone  
  44  3:46  Hatchery  
  43  3:50  Zergling x4  
  45  3:58  Drone  
  46  4:06  Overlord  
  46  4:08  Overlord  
  46  4:12  Queen  
  46  4:14  Drone x5  
  46  4:15  Drone  
  54  4:22  Zergling x4  
  56  4:32  Drone x5  
  56  4:36  Evolution Chamber  
  56  4:37  Evolution Chamber  
  59  4:43  Drone x2  
  60  4:48  Drone  
  60  4:50  Baneling Nest  
  60  4:58  Drone x6  
  60  4:59  Queen  
  66  5:01  Zerg Melee Weapons Level 1  
  68  5:09  Drone x3, Extractor  
  68  5:11  Overlord  
  68  5:12  Overlord  
  70  5:22  Drone x5  
  75  5:37  Zergling x6  
  75  5:39  Zerg Ground Armor Level 1  
  75  5:42  Extractor x2  
  76  5:43  Drone x3  
  76  5:44  Drone x3  
  76  5:48  Drone x3  
  83  5:51  Extractor  
  83  5:52  Extractor  
  81  5:58  Zergling x10  
  84  6:06  Drone x2  
  86  6:11  Lair  
  86  6:13  Zergling x2  
  86  6:15  Hatchery  
  86  6:17  Hatchery  
  86  6:18  Hatchery  
  84  6:23  Drone x3  
  87  6:27  Overlord x3  
  87  6:37  Overlord x3  
  87  6:45  Baneling x6  
  87  6:46  Zergling x18  
  96  6:52  Hatchery  
  96  6:54  Overlord  
  95  7:06  Zergling x12  
  101  7:09  Zerg Melee Weapons Level 2, Centrifical Hooks  
  101  7:11  Drone  
  102  7:23  Overlord x3, Burrow  
  102  7:24  Zergling x6  
  102  7:26  Baneling x5  
  102  7:28  Zergling x14  
  112  7:30  Drone x2  
  114  7:41  Overlord x2  
  112  7:55  Zergling x24  
  112  7:57  Baneling x12  
  112  7:58  Baneling x3  
  124  8:11  Drone x7  
  124  8:12  Drone  
  132  8:13  Zergling x8  
  136  8:26  Overlord, Zerg Ground Armor Level 2  
  136  8:29  Infestation Pit, Zergling x18  
  142  8:38  Overlord x2  
  139  8:41  Zergling x6  
  136  8:50  Zergling x20  
  143  8:58  Zergling x8  
  143  9:02  Hatchery  
  143  9:03  Queen  
  144  9:13  Zergling x14  
  141  9:26  Hive  
  141  9:29  Drone  
  141  9:30  Hatchery, Drone  
  140  9:31  Baneling x3  
  140  9:51  Baneling x3  
  140  9:55  Zergling x6  
  140  9:56  Zergling x16  
  142  10:09  Zergling x2  
  142  10:10  Zergling x22  
  142  10:13  Baneling x5  
  139  10:15  Zergling x8  
  139  10:21  Drone x6  
  145  10:33  Zergling x12  
  145  10:34  Baneling x7  
  147  10:45  Zergling x20  
  138  10:53  Spore Crawler  
  138  10:54  Drone x6  
  135  10:58  Hatchery  
  135  11:01  Baneling x4  
  134  11:07  Zergling x18  
  134  11:08  Baneling x5  
  134  11:09  Zerg Melee Weapons Level 3  
  134  11:10  Zerg Ground Armor Level 3, Adrenal Glands  
  142  11:16  Drone x4  
  142  11:28  Zergling x14  
  148  11:37  Spire  
  143  11:42  Spore Crawler  
  141  11:48  Spore Crawler  
  140  11:57  Zergling x22  
  140  12:00  Baneling x3  
  146  12:09  Hatchery  
  146  12:11  Drone x11  
  153  12:18  Baneling x10  
  151  12:24  Zergling x10  
  151  12:25  Zergling x10  
  152  12:32  Spore Crawler  
  152  12:35  Zergling x8  
  154  12:42  Zergling x16  
  162  13:00  Corruptor x5  
  162  13:04  Drone x6  
  162  13:05  Drone x3  
  165  13:28  Drone x2, Corruptor x6  
  165  13:33  Zergling x24  
  182  13:47  Zergling x6  
  182  13:48  Zergling x8  
  176  14:06  Baneling x3, Zergling x16  
  179  14:13  Hatchery  
  172  14:21  Baneling x5, Zergling x20  
  172  14:22  Zergling x4  
  183  14:32  Baneling x9  
  183  14:33  Zergling x24  
  195  14:45  Queen  
  197  14:51  Queen  
  199  14:57  Baneling x4  
  199  14:58  Baneling  
  196  15:04  Baneling  
  196  15:05  Baneling x3  
  183  15:19  Zergling x22  
  183  15:20  Zergling x12  
  191  15:30  Zergling x2  
  191  15:31  Zergling x20  
  191  15:35  Baneling x2  
  185  15:44  Corruptor x7  
Show
View Real Time Build Order
Export as new Build Order

nOtoRioUsPiG Terran 

Build Orders: Command Center First (CC), MMM Bio 

Get SALT Encoding   

  12  0:01  SCV  
  13  0:13  SCV  
  14  0:17  Supply Depot  
  14  0:25  SCV  
  15  0:38  SCV  
  16  0:51  SCV  
  17  1:04  SCV  
  18  1:05  Command Center  
  18  1:16  SCV  
  18  1:17  Barracks  
  19  1:28  SCV  
  20  1:36  Barracks  
  20  1:40  SCV  
  21  1:49  Barracks  
  21  2:00  SCV  
  22  2:08  Marine  
  23  2:09  Bunker  
  23  2:13  Orbital Command  
  23  2:29  Marine x2  
  25  2:30  Orbital Command  
  25  2:36  Refinery  
  25  2:37  Refinery  
  25  2:42  SCV  
  25  2:43  Marine  
  27  2:47  Marine  
  28  2:53  Marine  
  28  2:54  SCV  
  28  2:57  SCV  
  31  2:58  Supply Depot  
  31  3:01  Marine  
  32  3:06  SCV  
  32  3:09  SCV  
  32  3:12  Marine  
  36  3:15  Barracks Reactor  
  36  3:18  SCV  
  36  3:19  Marine  
  37  3:21  SCV  
  37  3:24  Supply Depot  
  38  3:29  Marine  
  38  3:30  SCV  
  38  3:32  Factory  
  38  3:33  SCV  
  41  3:35  Refinery  
  41  3:36  Marine  
  42  3:43  SCV  
  42  3:45  SCV  
  42  3:48  Barracks Tech Lab  
  44  3:50  Supply Depot  
  44  3:52  Marine  
  44  3:53  Marine  
  44  3:54  Marine  
  44  3:55  SCV  
  48  3:57  SCV  
  49  4:06  Marine  
  49  4:07  Stimpack, SCV  
  49  4:09  SCV  
  52  4:14  Supply Depot  
  52  4:17  Starport, Marine, Factory Reactor  
  52  4:18  Marine  
  52  4:19  SCV  
  52  4:20  Barracks Tech Lab  
  52  4:22  Barracks Reactor  
  56  4:24  SCV  
  56  4:26  Marine  
  56  4:27  Supply Depot  
  58  4:31  SCV  
  58  4:36  Marine x2, SCV  
  61  4:46  Marauder  
  63  4:58  Marine x2, Command Center  
  64  5:01  Medivac x2  
  64  5:02  Marine, Factory Tech Lab  
  69  5:08  Marauder  
  69  5:10  Engineering Bay  
  69  5:12  Marine  
  72  5:14  SCV  
  72  5:16  Refinery  
  73  5:23  Marine x2, Siege Tank  
  78  5:30  Supply Depot  
  78  5:37  SCV  
  78  5:52  Medivac x2, Marine x4  
  78  5:55  Supply Depot  
  86  6:09  Marine x3, Siege Tank  
  92  6:13  Orbital Command  
  92  6:21  Marine x2  
  94  6:26  SCV  
  94  6:27  Marine, SCV  
  94  6:30  Marine  
  94  6:31  Marine  
  94  6:32  Medivac x2  
  103  6:39  Orbital Command, Marine  
  104  6:41  SCV x2  
  104  6:43  Marine  
  104  6:44  Marine  
  108  6:48  Marine  
  109  7:06  Terran Infantry Weapons Level 1, Supply Depot  
  109  7:07  Supply Depot  
  109  7:08  Supply Depot  
  109  7:10  Supply Depot  
  109  7:12  Combat Shields  
  109  7:27  Medivac, Marine x4, SCV x2  
  109  7:28  Medivac, SCV, Siege Tank  
  122  7:31  Marine  
  123  7:39  SCV  
  123  7:40  SCV x2  
  126  7:45  Marine x4  
  126  7:48  Barracks  
  126  7:49  Marine  
  126  7:50  Barracks  
  128  7:54  SCV x2  
  123  7:58  SCV  
  123  8:03  Marine x3  
  121  8:06  SCV  
  121  8:10  Marine x2  
  121  8:11  Medivac x2, Siege Tank  
  121  8:12  SCV x2  
  133  8:17  Armory  
  133  8:18  Engineering Bay, Supply Depot, SCV  
  130  8:20  Marine x2  
  130  8:24  SCV x2  
  134  8:29  Marine  
  135  8:34  Refinery x2  
  135  8:36  Supply Depot x2  
  135  8:39  Marine x2  
  135  8:40  Barracks Reactor x2  
  135  8:41  Marauder, Marine  
  139  8:45  SCV x2  
  139  8:47  Marine, SCV  
  129  8:57  Marine, SCV  
  129  8:58  Marine, SCV  
  132  9:04  Marine x2  
  132  9:05  Marine  
  132  9:06  Medivac x2, Siege Tank  
  132  9:08  Terran Infantry Weapons Level 2  
  132  9:09  Terran Infantry Armor Level 1  
  142  9:15  Marine x2, SCV x2  
  142  9:16  Marine, SCV  
  134  9:22  Marine  
  134  9:26  Liberator, Marine x3  
  134  9:30  SCV x2  
  139  9:33  Marine x2, Bunker, SCV  
  139  9:35  Bunker  
  142  9:42  SCV  
  142  9:43  Marine x2, Siege Tank  
  150  9:45  Marine  
  150  9:47  Marine x2  
  150  9:50  Marine x2  
  150  9:52  Marine  
  156  9:56  Marine  
  157  10:01  Marine x2  
  150  10:09  Marine x2  
  150  10:10  Marine x2  
  138  10:18  Liberator x2, Marine  
  138  10:19  SCV  
  138  10:20  SCV  
  138  10:24  Marine  
  138  10:25  Marine, Terran Vehicle Weapons Level 1  
  137  10:32  Marine x2  
  137  10:33  Marine, Siege Tank  
  141  10:37  Marine, SCV x2  
  141  10:38  Marine x2  
  141  10:40  Marine  
  141  10:42  Marine  
  154  10:43  Marine  
  128  10:50  Marine x2  
  128  10:51  Marine  
  128  10:55  Marine x2  
  128  10:56  Marine  
  130  10:58  Marine  
  130  11:03  Marine x2  
  133  11:05  SCV x2  
  133  11:08  Marine  
  128  11:12  Marine  
  128  11:16  Marine  
  130  11:22  Marine x2  
  130  11:25  Marine x2  
  130  11:29  Marine  
  133  11:34  Marine  
  133  11:35  Medivac, Marine x2, Siege Tank  
  133  11:36  Medivac  
  137  11:41  Marine  
  137  11:49  Marine x2  
  137  11:50  Liberator x2  
  139  11:55  Marine x3  
  139  11:56  Marine  
  143  12:01  Marine x2, SCV x2  
  143  12:07  Marine  
  143  12:08  Marauder  
  154  12:18  Marine x3  
  154  12:19  Siege Tank  
  154  12:21  Marine  
  154  12:22  Marine  
  160  12:24  Marine  
  160  12:27  Marine  
  160  12:29  Marauder, Marine  
  157  12:36  Marine  
  158  12:37  Marine x2  
  158  12:38  Marine  
  158  12:40  Marine  
  162  12:52  Marine x2  
  162  12:56  Command Center  
  162  12:58  Marine  
  165  13:11  Liberator x2, Marine  
  165  13:12  Marine  
  165  13:15  Marine  
  165  13:26  Supply Depot  
  165  13:27  Supply Depot  
  165  13:28  Marine x2  
  165  13:29  Marine  
  173  13:42  Marine  
  173  13:43  Marine x2  
  173  13:44  Marine x3, Siege Tank  
  173  13:46  Marine x2  
  173  13:47  Marine  
  153  13:59  Marine  
  146  14:05  Marine x3  
  146  14:06  Marine x2  
  146  14:08  Marine  
  146  14:09  Marine x2  
  126  14:17  Marine  
  126  14:23  Marine  
  128  14:31  Marine x2  
  116  14:39  Marine, Siege Tank  
  116  14:42  Marine  
  116  14:44  Marine  
  122  14:53  SCV  
  122  14:54  Marine x2, SCV  
  125  15:06  Marine  
  127  15:09  Marine x2  
  127  15:10  Marine x2  
  114  15:17  Siege Tank  
  94  15:30  Marine x2  
  88  15:41  Marine  
Tags
 
Add a new tag
Caveats
  • Supply blocks, unpowered buildings, or Contaminate may cause inaccurate times.
  • Supply counts are checked every 10 seconds.